AoeStats
← GORGORY

Arena

509232228Analyzed
1v1 RM · 6d ago on Sep 26, 2026· 41m 39s· 2 players
Game mode
Random Map
Map size
Tiny (2 player)
Population
200
Speed
Normal
Resources
Standard
Victory
Conquest
Starting age
Dark Age
Ending age
Imperial Age
RankedLock teamsTeams togetherTeam positionsShared explorationLock speedFull tech treeHidden civsTurbo modeCheats
Victory
Defeat
🇩🇪 Franks · Germany
1005
+15
🇦🇷 Ethiopians · Argentina
993
-15
GORGORY
5:24 Loom
8:40 Feudal Age
9:06 Double-Bit Axe
9:12 Horse Collar
12:51 Wheelbarrow
16:46 Castle Age
15:57 Stone Mining
16:39 Gold Mining
18:11 Fervor
18:04 Town Watch
18:31 Bow Saw
18:23 Heavy Plow
24:38 Sanctity
26:45 Scale Mail Armor
27:04 Squires
27:35 Arson
28:39 Forging
29:33 Hand Cart
30:47 Iron Casting
30:27 Chain Mail Armor
31:25 Royal Heirs
32:20 Ballistics
31:56 Murder Holes
33:11 Elite Skirmisher
33:57 Thumb Ring
34:35 Gold Shaft Mining
34:37 Stone Shaft Mining
35:18 Fletching
35:28 Padded Archer Armor
38:35 Imperial Age
36:22 Fletching
36:32 Padded Archer Armor
36:58 Bodkin Arrow
37:22 Chain Mail Armor
37:33 Town Patrol
37:58 Leather Archer Armor
40:06 Conscription
39:10 Elite Shotel Warrior
39:27 Capped Ram
40:19 Man-at-Arms
azizbenhammadirma
11:15 Feudal Age
15:27 Castle Age
13:45 Double-Bit Axe
16:35 Bow Saw
18:23 Gold Mining
29:40 Imperial Age
27:55 Wheelbarrow
28:47 Scale Barding Armor
28:56 Forging
31:07 Conscription
31:05 Scale Barding Armor
32:27 Chemistry
32:40 Scale Mail Armor
34:40 Hand Cart
34:10 Cavalier
36:16 Herbal Medicine
37:31 Chain Barding Armor
37:28 Chain Mail Armor
37:48 Iron Casting
37:05 Fletching
37:06 Elite Throwing Axeman
39:04 Plate Barding Armor
39:43 Plate Mail Armor
39:33 Husbandry
Connection lost

Rejoining the realm…

Still unreachable

The connection could not be restored.

Session expired

The server has moved on; the page needs a fresh start.